 Dungeon Crawl Stone Soup version 0.16.1-30-g34a7ffa (webtiles) character file.

49 joy the Sneak (level 3, 1/16 HPs)
             Began as a Spriggan Enchanter on June 17, 2015.
             Quit the game on level 2 of the Dungeon.
             The game lasted 00:02:11 (1534 turns).

joy the Sneak (Spriggan Enchanter)                  Turns: 1534, Time: 00:02:11

Health: 1/16       AC:  3    Str:  4    XL:     3   Next: 53%
Magic:  9/9        EV: 18    Int: 16    God:
Gold:   70         SH:  0    Dex: 17    Spells: 2 memorised, 4 levels left

rFire  . . .     SeeInvis +     a - +1 dagger
rCold  . . .     Clarity  .     b - +1 robe
rNeg   . . .     SustAb   .     (shield restricted)
rPois  .         Gourm    .     (helmet restricted)
rElec  .         Spirit   .     (no cloak)
rCorr  .         Warding  .     (gloves unavailable)
rMut   .         Stasis   .     (boots unavailable)
MR     .....                    (no amulet)
Stlth  ++++......               (no ring)
                                (no ring)

@: lethally poisoned (1 -> -2), flying, very quick, not resistant to hostile
enchantments, stealthy
A: unfitting armour, see invisible, herbivore 3, speed 3, slow metabolism 2
a: no special abilities


You were on level 2 of the Dungeon.
You were not hungry.

You visited 1 branch of the dungeon, and saw 2 of its levels.

You collected 70 gold pieces.

Inventory:

Hand weapons
 a - a +1 dagger (weapon)
Armour
 b - a +1 robe (worn)
Scrolls
 f - 3 scrolls of identify
 g - a scroll of teleportation {unknown}
Books
 c - a book of Maledictions

   Spells                             Type                      Level
   a - Corona                         Hexes                        1
   b - Sure Blade                     Hexes/Charms                 2
   c - Ensorcelled Hibernation        Hexes/Ice                    2
   d - Confuse                        Hexes                        3
   e - Dazzling Spray                 Conjuration/Hexes            3
   f - Enslavement                    Hexes                        4
Comestibles
 d - 2 bread rations


   Skills:
 + Level 2.9 Short Blades
 - Level 3.0 Dodging
 + Level 5.7 Stealth
 - Level 2.6 Spellcasting
 - Level 3.6 Hexes


You had 4 spell levels left.
You knew the following spells:

 Your Spells              Type           Power        Failure   Level  Hunger
a - Corona                Hex            ##.....      6%          1    #......
b - Ensorcelled Hibernat  Hex/Ice        #.....       17%         2    ##.....


Dungeon Overview and Level Annotations

Branches:
Dungeon (2/15)

Altars:
Ru


Innate Abilities, Weirdness & Mutations

You are tiny and cannot use many weapons and most armour.
You have supernaturally acute eyesight.
You are a herbivore.
You cover ground extremely quickly.
You need consume almost no food.


Message History

[Y]es or [N]o only, please.
Really abort (and waste the scroll)? [Y]es or [N]o only, please.
Really abort (and waste the scroll)? [Y]es or [N]o only, please.
Really abort (and waste the scroll)? [Y]es or [N]o only, please.
Really abort (and waste the scroll)? [Y]es or [N]o only, please.
Really abort (and waste the scroll)? [Y]es or [N]o only, please.
Really abort (and waste the scroll)? [Y]es or [N]o only, please.
Really abort (and waste the scroll)?
Identify which item? (\ to view known items) (? for menu, Esc to quit)
Really abort (and waste the scroll)? [Y]es or [N]o only, please.
Really abort (and waste the scroll)?
Okay, then.
Are you sure you want to abandon this character and quit the game? (Confirm with "yes".)

♣♣........##.### #.## #.......
♣♣.........##.# #..## ###....#
....)...#...#.# #..###.†.#.##
#####..###....### ##....#.#♣♣.♣
###...#####.....####..#....♣♣♣.♣#
......................#..#♣♣♣P.P#
....#####..........####..♣♣.P..♣#
.##...# #.........####...♣P..♣.♣
.####..##....P..@..g...#....P♣♣♣
.# #.....)P..........##♣.♣♣♣ <#
##....♣♣..P......# ### .. ..P
♣....###.....# ## .. ♣.♣P..
...l...# ♣♣.♣...........
♣P.....K...... ♣..P.##......
♣♣.P## #....


You could see a hobgoblin and a giant newt (sleeping).

Vanquished Creatures
  An adder (D:2)
  A giant mite (D:1)
  A giant gecko (D:1)
  2 giant cockroaches (D:1)
  5 goblins (D:1)
  6 hobgoblins
  3 bats (D:1)
  A giant newt (D:1)
  5 kobolds
  5 rats (D:1)
30 creatures vanquished.

Notes
Turn   | Place    | Note
--------------------------------------------------------------
     0 | D:1      | joy, the Spriggan Enchanter, began the quest for the Orb.
     0 | D:1      | Reached XP level 1. HP: 9/9 MP: 4/4
    20 | D:1      | Reached XP level 2. HP: 8/13 MP: 7/7
   124 | D:1      | Learned a level 2 spell: Ensorcelled Hibernation
   285 | D:1      | Reached skill level 5 in Stealth
   905 | D:1      | Reached XP level 3. HP: 16/16 MP: 9/9
  1443 | D:2      | Found a sacrificial altar of Ru.
  1534 | D:2      | Quit the game

Action                   || total
-------------------------++-------
Melee: Dagger            ||    97
  Use: Potion            ||     2
       Scroll            ||     1
 Stab: Sleeping          ||    10
